 Dungeon Crawl Stone Soup version 0.28.0 (webtiles) character file.

Game seed: 7783024634938364781

1 croobank the Sneak (level 1, 0/20 HPs)
             Began as a Hill Orc Delver on Feb 18, 2022.
             Slain by a kobold (3 damage)
             ... on level 4 of the Dungeon.
             The game lasted 00:03:21 (382 turns).

croobank the Sneak (Hill Orc Delver)                 Turns: 382, Time: 00:03:22

Health: 0/20       AC:  3    Str: 16    XL:     1   Next: 20%
Magic:  1/1        EV: 11    Int: 10    God:
Gold:   50         SH:  0    Dex: 12    Spells: 0/0 levels left

rFire   . . .      SeeInvis .   a - +0 hand axe
rCold   . . .      Faith    .   (no shield)
rNeg    . . .      Spirit   .   b - +0 leather armour
rPois   .          Reflect  .   (no helmet)
rElec   .          Harm     .   (no cloak)
rCorr   .          Rampage  .   (no gloves)
Will    .....                   (no boots)
Stlth   ++........              (no amulet)
HPRegen 0.06/turn               (no ring)
MPRegen 0.07/turn               (no ring)

@: attractive, hasted (expiring), very quick
A: high MP 1, strong 1
a: no special abilities


You were on level 4 of the Dungeon.
You visited 1 branch of the dungeon, and saw 2 of its levels.

You collected 50 gold pieces.

Inventory:

Hand Weapons
 a - a +0 hand axe (weapon)
Armour
 b - a +0 leather armour (worn)
Jewellery
 j - a ring of fire
Wands
 g - a wand of digging (4)
Scrolls
 c - a scroll of fog
 d - a scroll of identify
 h - 2 scrolls of teleportation


   Skills:
 + Level 3.6 Fighting
 + Level 2.7 Axes
 + Level 1.6 Dodging
 + Level 4.1 Stealth


You couldn't memorise any spells.
You didn't know any spells.
Your spell library was empty.

Dungeon Overview and Level Annotations

Branches:
Dungeon (5/15)
 Temple: D:4-7

Altars:

Annotations:
D:4 Blork the orc


Innate Abilities, Weirdness & Mutations

You have an increased reservoir of magic. (+10% MP)
Your muscles are strong. (Str +2)


Message History

The goblin shouts!
You hear a shout! x3
The goblin shouts!
You hit the goblin.
The goblin is almost dead.
The goblin barely misses you.
You barely miss the goblin.
The goblin is almost dead.
The goblin hits you with a +0 club.
* * * LOW HITPOINT WARNING * * *
You hit the goblin.
You kill the goblin!
It was a potion of mutation.
You feel extremely strange.
You feel more energetic.
You feel stronger.
You barely miss the goblin. The goblin hits you with a +0 club.
* * * LOW HITPOINT WARNING * * *
It was a potion of attraction.
You feel attractive to monsters. The goblin hits you but does no damage.
The goblin is attracted toward you.
Okay, then.
The goblin is attracted toward you. The goblin is attracted toward you.
The goblin is attracted toward you.
Found a stone staircase leading down.
The goblin is attracted toward you. The goblin is attracted toward you.
The goblin is attracted toward you.
There is a stone staircase leading down here.
A kobold comes into view. It is wielding a +0 short sword.
The kobold is attracted toward you.
Your extra speed is starting to run out.
The kobold is attracted toward you.
As you read the scroll labelled SUOSTONO OROVVUWN, it crumbles to dust.
It is a scroll of identify.
h - 2 scrolls of teleportation The helpless kobold fails to defend itself.
You hit the kobold but do no damage. You barely miss the goblin.
The goblin hits you but does no damage.
The kobold hits you with a +0 short sword.
You die...

#.. #§#
#.# #.#
#§# #.#
#K# #@#
#g# #>#
#.# #.#
### #.
#.# ..#
#.# #.#
#.###.##
#.#
#.##...##
##.##
#.#.....#


You could see a goblin and a kobold.

Vanquished Creatures
  A goblin (D:4)
1 creature vanquished.

Notes
Turn   | Place    | Note
-------+----------+-------------------------------------------
     0 | D:5      | croobank the Hill Orc Delver began the quest for the Orb.
     0 | D:5      | Reached XP level 1. HP: 19/19 MP: 1/1
     7 | D:5      | Found a runed translucent gate.
     7 | D:5      | Found a runed translucent gate.
     7 | D:5      | Found a runed translucent gate.
    26 | D:5      | Noticed an ice beast
    34 | D:5      | Noticed a scorpion
   208 | D:5      | Noticed a hound
   330 | D:4      | Noticed Blork the orc
   355 | D:4      | Gained mutation: You have an increased reservoir of magic.
                  | (+10% MP) [potion of mutation]
   355 | D:4      | Gained mutation: Your muscles are strong. (Str +2) [potion
                  | of mutation]
   382 | D:4      | Slain by a kobold

Illustrated notes

Levels and vault maps discovered:
D:4:      layout_loops_ring, hangedman_decor_peaks_small, uniq_ijyb, uniq_pikel,
          uniq_blork_the_orc
D:5:      layout_basic, serial_curves, eino_curves_03, eino_curves_01,
          gammafunk_ghost_icy, minmay_misc_feat_encased, hangedman_glass_teeth

Action                   || total
-------------------------++-------
Melee: Hand axe          ||     5
  Use: Scroll            ||     3
       Potion            ||     3
 Stab: Sleeping          ||     1
Armor: Leather armour    ||     2
Dodge: Dodged            ||     1
